 Dungeon Crawl Stone Soup version 0.21-a0-529-g8c7b3f5 (webtiles) character file.

5665 Amnesiac the Reanimator (level 10, -1/50 HPs)
             Began as a Deep Elf Necromancer on Dec 9, 2017.
             Was a High Priest of Sif Muna.
             Slain by a troll (5 damage)
             ... on level 9 of the Dungeon.
             The game lasted 00:24:21 (8769 turns).

Amnesiac the Reanimator (Deep Elf Necromancer)      Turns: 8769, Time: 00:24:22

Health: -1/50      AC:  6    Str:  5    XL:     10   Next: 47%
Magic:  0/36       EV: 15    Int: 24    God:    Sif Muna [*****.]
Gold:   194        SH:  0    Dex: 15    Spells: 16/32 levels left

rFire    + . .     SeeInvis .   E - +0 long sword
rCold    + . .     Gourm    .   (no shield)
rNeg     . . .     Faith    .   u - +0 robe {rC+ rF+}
rPois    .         Spirit   +   (no helmet)
rElec    .         Reflect  .   F - scarf {cloud immunity}
rCorr    +         Harm     .   o - +1 pair of gloves
MR       +....                  M - +1 pair of boots
Stlth    ++........             m - amulet of guardian spirit
HPRegen  0.16/turn              f - ring of magical power
MPRegen  0.25/turn              s - ring of resist corrosion

@: divine energy
A: no striking features
a: Stop Divine Energy, Channel Magic, Forget Spell, Renounce Religion


You were on level 9 of the Dungeon.
You worshipped Sif Muna.
Sif Muna was extremely pleased with you.
You were not hungry.

You visited 2 branches of the dungeon, and saw 10 of its levels.

You collected 469 gold pieces.
You spent 275 gold pieces at shops.

Inventory:

Hand Weapons
 E - a +0 long sword (weapon)
Missiles
 e - 352 stones (quivered)
Armour
 o - a +1 pair of gloves (worn)
 u - a +0 robe of resistance (worn)
 F - a scarf of cloud immunity (worn)
 M - a +1 pair of boots (worn)
Jewellery
 a - an uncursed ring of protection from cold
 f - a ring of magical power (left hand)
 m - an amulet of guardian spirit (around neck)
 s - a ring of resist corrosion (right hand)
Wands
 q - a wand of polymorph (6)
 y - a wand of digging (6)
Scrolls
 h - 6 scrolls of remove curse {!r}
 i - 3 scrolls of enchant weapon {!r}
 j - 2 scrolls of magic mapping {!r}
 k - 6 scrolls of teleportation {!r}
 B - a scroll of random uselessness {!r, unknown}
 D - 4 scrolls of amnesia {!r, unknown}
 H - a scroll of vulnerability {!r, unknown}
 J - a scroll of acquirement {!r, unknown}
 L - a scroll of fear {!r, unknown}
 N - 3 scrolls of immolation {!r, unknown}
 O - a scroll of identify {!r}
 P - 2 scrolls of enchant armour {!r, unknown}
Potions
 d - a potion of lignification {!q, unknown}
 g - a potion of curing {!q}
 n - a potion of magic {!q}
 t - 2 potions of mutation {!q}
 v - a potion of flight {!q}
 w - a potion of might {!q, unknown}
 x - 2 potions of haste {!q}
 A - 3 potions of brilliance {!q}
 G - a potion of agility {!q, unknown}
Books
 b - a book of Necromancy

   Spells                             Type                      Level
   a - Pain                           Necromancy                   1
   b - Animate Skeleton               Necromancy                   1
   c - Vampiric Draining              Necromancy                   3
   d - Regeneration                   Charms/Necromancy            3
   e - Animate Dead                   Necromancy                   4
   f - Control Undead                 Necromancy                   4
 z - Sif Muna's Handbook of Evil Rituals and the Entourage {god gift}
   (Sif Muna gifted it to you on level 8 of the Dungeon)

   Spells                             Type                      Level
   a - Corpse Rot                     Necromancy                   2
   b - Dispel Undead                  Necromancy                   5
   c - Shadow Creatures               Summoning                    6
   d - Borgnjor's Revivification      Necromancy                   8
   e - Infestation                    Necromancy                   8
   f - Dragon's Call                  Summoning                    9
Comestibles
 c - 7 bread rations
 p - 4 meat rations
 r - 3 royal jellies
 I - 14 fruits


   Skills:
 - Level 5.6 Dodging
 - Level 2.4 Stealth
 + Level 11.5 Spellcasting
 * Level 14.7 Necromancy


You had 16 spell levels left.
You knew the following spells:

 Your Spells              Type           Power        Failure   Level  Hunger
a - Pain                  Necr           ####         0%          1    None
b - Control Undead        Necr           ######....   1%          4    None
d - Vampiric Draining     Necr           ######....   1%          3    None
e - Dispel Undead         Necr           ######..     1%          5    ####...
r - Regeneration          Chrm/Necr      #####.....   1%          3    None


Dungeon Overview and Level Annotations

Branches:
Dungeon (9/15)             Temple (1/1) D:4
   Lair: D:8-11         Orc: D:9-12

Altars:
Ashenzari
Elyvilon
Fedhas
Hepliaklqana
Kikubaaqudgha
Makhleb
Nemelex Xobeh
Okawaru
Qazlal
Ru
Sif Muna
Trog
Uskayaw
Vehumet
Wu Jian
Xom
Yredelemnul
Zin
The Shining One

Shops:
D:8 *


Message History

The crimson imp hits you but does no damage.
The troll shouts!
You hit the crimson imp.
The crimson imp is moderately wounded.
The crimson imp blinks!
Found a stone staircase leading down.
You barely miss the crimson imp.
The crimson imp is lightly wounded.
The crimson imp closely misses you.
You riposte.
You hit the crimson imp.
The crimson imp is heavily wounded.
The crimson imp hits you but does no damage.
You closely miss the crimson imp.
The crimson imp is heavily wounded.
The crimson imp hits you but does no damage.
You hit the crimson imp but do no damage.
The crimson imp is moderately wounded.
The troll closely misses you.
You riposte.
You closely miss the troll. The troll barely misses you. The troll claws you.
The crimson imp completely misses you. The troll barely misses you.
You riposte.
You hit the troll.
The troll is lightly wounded.
The troll claws you. The troll closely misses you.
You hit the crimson imp but do no damage.
The crimson imp is moderately wounded.
The crimson imp hits you. The troll barely misses you.
You riposte.
You hit the troll.
The troll is lightly wounded.
The troll claws you! The troll claws you.
The crimson imp blinks!
You hit the troll.
The troll is moderately wounded.
The troll closely misses you. The troll claws you.
* * * LOW HITPOINT WARNING * * *
The troll barely misses you. The troll closely misses you. The troll claws you!
* * * LOW HITPOINT WARNING * * *
The troll completely misses you.
You hit the troll.
The troll is moderately wounded.
The troll closely misses you. The troll claws you.
* * * LOW HITPOINT WARNING * * *
The troll claws you!
* * * LOW HITPOINT WARNING * * *
You closely miss the troll.
The troll is moderately wounded.
The troll bites you!
* * * LOW HITPOINT WARNING * * *
The troll claws you!
* * * LOW HITPOINT WARNING * * *
The troll barely misses you.
The crimson imp hits you but does no damage.
You are too injured to fight recklessly!
You are too injured to fight recklessly!
You are too injured to fight recklessly!
You are too injured to fight recklessly!
The troll closely misses you.
You riposte.
You closely miss the troll.
The troll is moderately wounded.
The troll completely misses you. The troll claws you.
* * * LOW HITPOINT WARNING * * *
The crimson imp blinks!
There is a stone staircase leading down here.
The crimson imp blinks!
You miss the crimson imp. The crimson imp hits you.
* * * LOW HITPOINT WARNING * * *
The troll misses you. The troll claws you!
You die...

## ############# .
#. .........<..#
..####. ##........#
....... #......###
..... #......# ...
#......#
#5#+######......#
#.@T...ยง........###
#..######.........#
#..# +...[.....#
#..# #...###+#.#
#..# #...+ .. +..+
#...# . #..# #...#
#..# #...# #...#


You could see a troll and a crimson imp.

Vanquished Creatures
  A death knight (D:7)
  A two-headed ogre (D:8)
  The ghost of zkyp the Slicer, a novice SpGl (D:7)
  Prince Ribbit (D:8)
  2 wraiths
  2 yaks
  Sigmund (D:5)
  A wyvern (D:8)
  2 soldier ants (D:6)
  A water moccasin (D:4)
  2 orc warriors (D:8)
  3 ice beasts
  2 sky beasts
  A necrophage (D:8)
  3 black bears (D:8)
  4 ogres
  A wolf (D:8)
  A centaur (D:6)
  A big kobold (D:6)
  A bullfrog (D:8)
  2 scorpions
  4 killer bees (D:8)
  A wight (D:6)
  A howler monkey (D:6)
  3 hounds
  A jelly (D:6)
  6 orc priests
  6 orc wizards
  Jessica (D:3)
  Ijyb (D:4)
  Natasha (thrice) (D:3)
  5 worker ants
  A hound zombie (D:8)
  A hound skeleton (D:8)
  2 gnolls (D:7)
  A howler monkey skeleton (D:4)
  11 adders
  A shadow imp (D:6)
  4 oozes
  An adder skeleton (D:6)
  2 worms
  A dart slug (D:5)
  7 leopard geckos
  45 orcs
  8 giant cockroaches
  4 goblins
  5 hobgoblins
  11 jackals
  5 quokkas
  A ball python (D:6)
  6 bats
  4 frilled lizards
  5 kobolds (D:1)
  A leopard gecko skeleton (D:4)
  A quokka skeleton (D:5)
  3 quokka zombies
  7 rats
204 creatures vanquished.

Vanquished Creatures (collateral kills)
  A wraith (D:7)
  A bullfrog (D:7)
  A scorpion (D:7)
  3 wights (D:6)
  A crimson imp (D:7)
  A worker ant (D:7)
  A gnoll (D:7)
  An orc (D:6)
10 creatures vanquished.

Grand Total: 214 creatures vanquished

Notes
Turn   | Place    | Note
-------+----------+-------------------------------------------
     0 | D:1      | Amnesiac the Deep Elf Necromancer began the quest for the Orb.
     0 | D:1      | Reached XP level 1. HP: 10/10 MP: 6/6
    23 | D:1      | Reached skill level 5 in Necromancy
   300 | D:2      | Reached XP level 2. HP: 10/15 MP: 6/8
   728 | D:3      | Noticed Natasha
   735 | D:3      | Killed Natasha
   735 | D:3      | Reached XP level 3. HP: 8/19 MP: 1/9
   740 | D:3      | Learned a level 3 spell: Vampiric Draining
   744 | D:3      | Learned a level 3 spell: Regeneration
  1065 | D:3      | Reached skill level 5 in Dodging
  1203 | D:4      | Reached XP level 4. HP: 17/24 MP: 5/10
  1470 | D:3      | Noticed Ijyb
  1493 | D:4      | Found a staircase to the Ecumenical Temple.
  1498 | Temple   | Entered the Ecumenical Temple
  1675 | Temple   | Became a worshipper of Sif Muna the Loreminder
  2266 | D:1      | Found a sparkling altar of Nemelex Xobeh.
  2556 | D:2      | Reached XP level 5. HP: 18/28 MP: 12/12
  3021 | D:3      | Noticed Jessica
  3023 | D:3      | Killed Jessica
  3172 | D:3      | Reached skill level 6 in Necromancy
  3301 | D:3      | Noticed Natasha
  3308 | D:3      | Killed Natasha
  3308 | D:3      | Reached XP level 6. HP: 14/32 MP: 0/14
  3376 | D:3      | Noticed Natasha
  3380 | D:3      | Killed Natasha
  3380 | D:3      | Reached * piety under Sif Muna
  3576 | D:4      | Found a bloodstained altar of Trog.
  3742 | D:4      | Reached skill level 7 in Necromancy
  3838 | D:4      | Reached skill level 5 in Spellcasting
  3935 | D:4      | Killed Ijyb
  3987 | D:4      | Reached XP level 7. HP: 29/36 MP: 17/17
  4120 | D:4      | Reached skill level 8 in Necromancy
  4135 | D:4      | Learned a level 4 spell: Control Undead
  4232 | D:5      | Entered Level 5 of the Dungeon
  4232 | D:5      | Noticed Sigmund
  4375 | D:5      | Reached ** piety under Sif Muna
  4488 | D:5      | Reached skill level 9 in Necromancy
  4559 | D:5      | Reached XP level 8. HP: 37/41 MP: 1/20
  4633 | D:5      | Killed Sigmund
  4727 | D:5      | Reached skill level 10 in Necromancy
  5193 | D:5      | Reached *** piety under Sif Muna
  5438 | D:6      | Reached skill level 11 in Necromancy
  5666 | D:6      | Reached XP level 9. HP: 42/45 MP: 19/23
  5779 | D:6      | Reached **** piety under Sif Muna
  5854 | D:6      | Reached skill level 12 in Necromancy
  6224 | D:7      | Noticed zkyp's ghost (novice SpGl)
  6332 | D:7      | Killed zkyp's ghost
  6334 | D:7      | Noticed a death knight
  6703 | D:7      | Killed a death knight
  6703 | D:7      | Reached skill level 10 in Spellcasting
  6703 | D:7      | Reached skill level 13 in Necromancy
  6961 | D:8      | Noticed a two-headed ogre
  6975 | D:8      | Killed a two-headed ogre
  6975 | D:8      | Reached ***** piety under Sif Muna
  6975 | D:8      | Identified a paperback manual {god gift} (Sif Muna gifted it to you on level 8 of the Dungeon)
  6975 | D:8      | Received a gift from Sif Muna
  6975 | D:8      | Reached XP level 10. HP: 30/50 MP: 3/26
  7154 | D:8      | Found Rut Icha's Assorted Antiques.
  7166 | D:8      | Bought a pair of runed boots for 217 gold pieces
  7171 | D:8      | Bought a scroll labeled DERROACUNIC for 29 gold pieces
  7171 | D:8      | Bought a scroll labeled VOMPEP GUIH for 29 gold pieces
  7246 | D:8      | Reached skill level 14 in Necromancy
  7908 | D:8      | Noticed Prince Ribbit
  7922 | D:8      | Killed Prince Ribbit
  8057 | D:8      | Learned a level 5 spell: Dispel Undead
  8119 | D:8      | Noticed a two-headed ogre
  8120 | D:8      | Noticed Psyche
  8134 | D:8      | HP: 2/50 [two-headed ogre/giant club (19)]
  8472 | D:8      | Noticed Psyche
  8472 | D:8      | Psyche changed into Psyche the wolf
  8476 | D:8      | Killed Psyche the wolf
  8769 | D:9      | Slain by a troll

Vault maps used:
D:1:      dpeg_arrival_tiny_k, kennysheep_another_room, wad_floor_pattern_1,
          nemelex_diamond_rough_becter
D:3:      first_bread, moated_statue, uniq_jessica, uniq_natasha, uniq_ijyb
D:4:      lemuel_doored_altar, temple_doors_e, bh_chokoban
D:5:      minmay_misc_feat_plants, minmay_misc_feat_secret_circle,
          minmay_item_behind_shaft, uniq_sigmund
D:6:      grunt_ministairs_5, kb_rosetta
D:8:      serial_shops, shop, uniq_psyche, uniq_prince_ribbit1
D:9:      lemuel_upstairs_altar, lemuel_round_altar, minitemple,
          grunt_livestock, xom_redecorated
Temple:   eino_narrow_crystal_temple

Skill      XL: |  1  2  3  4  5  6  7  8  9 10 |
---------------+-------------------------------+-----
Necromancy     | 5 6 7 9 11 13 14 | 14.7
Dodging        | 3 4 5 |  5.6
Spellcasting   | 4 5 6 8 10 11 | 11.5
Stealth        | |  2.4

Action                   |  1- 3 |  4- 6 |  7- 9 | 10-12 || total
-------------------------+-------+-------+-------+-------++-------
Melee: Unarmed           |     2 |    20 |     8 |       ||    30
       Long sword        |       |       |   139 |    84 ||   223
Throw: Stone             |       |       |     2 |       ||     2
 Cast: Pain              |    56 |   144 |   141 |    38 ||   379
       Vampiric Draining |       |     6 |    56 |    43 ||   105
       Regeneration      |       |     3 |     3 |       ||     6
       Control Undead    |       |       |    19 |     7 ||    26
       Dispel Undead     |       |       |       |     1 ||     1
Invok: Divine Energy     |       |     1 |     1 |       ||     2
       Stop Divine Energ |       |       |     1 |       ||     1
Evoke: Wand              |       |       |     9 |    34 ||    43
  Use: Scroll            |       |    11 |       |     1 ||    12
       Potion            |       |       |     1 |     2 ||     3
 Stab: Sleeping          |     1 |       |     1 |     1 ||     3
       Confused          |       |       |     1 |       ||     1
       Betrayed ally     |       |       |     2 |       ||     2
       Paralysed         |       |       |       |     6 ||     6
  Eat: Chunk             |     1 |     8 |    11 |     6 ||    26
Armor: Robe              |     5 |     6 |    46 |    43 ||   100
Dodge: Dodged            |    14 |    51 |   203 |   186 ||   454
       Rpst.: Long sword |       |       |    69 |    57 ||   126

Table legend:
 A = Spawn XP
 B = Non-spawn XP
 C = Spawn XP percentage of total XP
 D = Spawn monster count
 E = Non-spawn monster count
 F = Spawn count percentage of total count
 G = Total turns spent on level
                    A         B        C        D         E        F      G
               +---------+---------+-------+---------+---------+-------+---------
         Total |       0 |    8093 |   0.0 |       0 |     211 |   0.0 |  8769
               +---------+---------+-------+---------+---------+-------+---------
           D:1 |       0 |      35 |   0.0 |       0 |      22 |   0.0 |  1026
           D:2 |       0 |      58 |   0.0 |       0 |      15 |   0.0 |   844
           D:3 |       0 |     293 |   0.0 |       0 |      39 |   0.0 |  1159
           D:4 |       0 |     569 |   0.0 |       0 |      25 |   0.0 |  1117
           D:5 |       0 |    1061 |   0.0 |       0 |      28 |   0.0 |   907
           D:6 |       0 |    1902 |   0.0 |       0 |      38 |   0.0 |  1114
           D:7 |       0 |    1192 |   0.0 |       0 |      12 |   0.0 |  1111
           D:8 |       0 |    2983 |   0.0 |       0 |      32 |   0.0 |  1064
               +---------+---------+-------+---------+---------+-------+---------
